 Dungeon Crawl Stone Soup version 0.27-a0-419-g7a85846853 (webtiles) character file.

Game seed: 16333654837753368955

48 Chiseanne the Skirmisher (level 3, -1/33 HPs)
             Began as a Demonspawn Wanderer on Feb 26, 2021.
             Slain by a quokka (2 damage)
             ... on level 2 of the Dungeon.
             The game lasted 00:01:40 (1313 turns).

Chiseanne the Skirmisher (Demonspawn Wanderer)      Turns: 1313, Time: 00:01:41

Health: -1/33      AC:  3    Str: 12    XL:     3   Next: 50%
Magic:  3/3        EV: 11    Int: 17    God:
Gold:   52         SH:  3    Dex:  9    Spells: 2/2 levels left

rFire    . . .     SeeInvis +   a - +0 spear
rCold    . . .     Faith    .   c - +0 buckler
rNeg     . . .     Spirit   .   d - +0 robe
rPois    .         Reflect  .   (no helmet)
rElec    .         Harm     .   (no cloak)
rCorr    .         Rampage  .   i - +0 pair of gloves
Will     .....                  (no boots)
Stlth    +.........             (no amulet)
HPRegen  0.11/turn              f - ring of see invisible
MPRegen  0.08/turn              (no ring)

@: no status effects
A: ignite blood 1, powered by pain 1
a: no special abilities


You were on level 2 of the Dungeon.
You visited 1 branch of the dungeon, and saw 2 of its levels.

You collected 52 gold pieces.

Inventory:

Hand Weapons
 a - a +0 spear (weapon)
Missiles
 e - 54 stones
 l - 16 sling bullets
Armour
 c - a +0 buckler (worn)
 d - a +0 robe (worn)
 i - a +0 pair of gloves (worn)
Jewellery
 f - a ring of see invisible (left hand)
Scrolls
 h - a scroll of identify {unknown}
Potions
 g - a potion of brilliance {unknown}
 j - a potion of lignification {unknown}
 k - a potion of cancellation {unknown}
Miscellaneous
 b - a box of beasts (quivered)


   Skills:
 * Level 5.3 Fighting
 - Level 1.0 Armour
 * Level 1.9 Dodging
 - Level 1.0 Stealth
 * Level 2.0 Shields
 - Level 1.0 Evocations


You had 2 spell levels left.
You didn't know any spells.
Your spell library was empty.

Dungeon Overview and Level Annotations

Branches:
Dungeon (2/15)

Altars:

Annotations:
D:2 Jessica


Innate Abilities, Weirdness & Mutations

Your demonic aura sometimes causes spilled blood to erupt in flames You sometimes gain a little power by taking damage.


Message History

The leopard gecko is moderately wounded.
You feel sick. The goblin barely misses you. The leopard gecko bites you.
Jessica casts a spell.
Jessica blinks!
The goblin hits you with a +0 dagger.
You are too injured to fight recklessly!
You are too injured to fight recklessly!
You are too injured to fight recklessly!
You are too injured to fight recklessly!
You are too injured to fight recklessly!
You are too injured to fight recklessly!
You are too injured to fight recklessly!
You are too injured to fight recklessly!
You are too injured to fight recklessly!
You are too injured to fight recklessly!
You are too injured to fight recklessly!
You are too injured to fight recklessly!
You are too injured to fight recklessly!
You are too injured to fight recklessly!
You are too injured to fight recklessly!
You are too injured to fight recklessly!
You are too injured to fight recklessly!
You are too injured to fight recklessly!
The leopard gecko hisses menacingly.
The leopard gecko misses you. The leopard gecko bites you.
* * * LOW HITPOINT WARNING * * *
You feel sick.
A gnoll comes into view. It is wielding a +0 halberd.
The gnoll shouts!
The quokka bites you.
* * * LOW HITPOINT WARNING * * *
You feel sick.
You are no longer poisoned.
Jessica gestures wildly while chanting.
Jessica blinks!
The quokka bites you.
* * * LOW HITPOINT WARNING * * *
There is a stone staircase leading up, spattered with blood here.
The quokka bites you.
You die...

#.......#...#
#...........##
#..(@........ ..
......#g#.#.#.###....
....# #.#.@........#
... #g###.#l####.# .
. #.l...#.#..# ...
#.g####r#..#
.....####..#<...@..#
......).†..@.......#
.###########.......#
..........#
###........
...#.###### ##..#..
...#### ..


You could see Jessica (fast), a leopard gecko and a quokka.

Vanquished Creatures
  An adder (D:2)
  A dart slug (D:1)
  4 leopard geckos (D:1)
  5 bats (D:1)
  2 giant cockroaches (D:1)
  4 goblins
  A hobgoblin (D:1)
  4 jackals (D:2)
  A kobold (D:1)
  6 frilled lizards (D:1)
  A rat (D:1)
30 creatures vanquished.

Notes
Turn   | Place    | Note
-------+----------+-------------------------------------------
     0 | D:1      | Chiseanne the Demonspawn Wanderer began the quest for the
                  | Orb.
     0 | D:1      | Chiseanne set off with the following items: a +0 spear, a
                  | box of beasts, a +0 buckler, a +0 robe
     0 | D:1      | Reached XP level 1. HP: 21/21 MP: 1/1
   265 | D:1      | Gained mutation: You sometimes gain a little power by
                  | taking damage. [demonic ancestry]
   265 | D:1      | Reached XP level 2. HP: 23/27 MP: 2/2
  1137 | D:1      | Gained mutation: Your demonic aura sometimes causes spilled
                  | blood to erupt in flames [demonic ancestry]
  1137 | D:1      | Reached XP level 3. HP: 33/33 MP: 3/3
  1290 | D:2      | Noticed Jessica
  1312 | D:2      | HP: 1/33 [quokka (4)]
  1313 | D:2      | Slain by a quokka

Illustrated notes

Levels and vault maps discovered:
D:1:      dpeg_arrival_signposts, layout_rooms
D:2:      layout_basic, chequers_temple_overflow_statue_of_worship,
          minivault_19, uniq_jessica

Skill      XL: |  1  2  3 |
---------------+----------+-----
Shields        | 2 |  2.0
Fighting       | |  5.3
Armour         | |  1.0
Dodging        | |  1.9
Stealth        | |  1.0
Evocations     | |  1.0

Action                   || total
-------------------------++-------
Melee: Spear             ||   147
 Stab: Sleeping          ||     1
Armor: Robe              ||    48
Dodge: Dodged            ||   105
Block: Buckler           ||    20

Table legend: (Time is in decaauts)
 A = Elapsed time spent in this place.
 B = Non-inter-level travel time spent in this place.
 C = Inter-level travel time spent in this place.
 D = Time resting spent in this place.
 E = Time spent auto-exploring this place.
 F = Levels seen in this place.
 G = Mean time per level.
                   A        B        C        D        E       F      G
               +--------+--------+--------+--------+--------+-----+--------+
         Total |   1334 |   1316 |     18 |    521 |    535 |   2 |  667.0 |
       Dungeon |   1334 |   1316 |     18 |    521 |    535 |   2 |  667.0 |
               +--------+--------+--------+--------+--------+-----+--------+

Top non-repeatable levels by time:
     D:1: 1269 daAuts
     D:2: 64 daAuts
